 Dungeon Crawl Stone Soup version 0.32-a0-872-g59262bdc9b (webtiles) character file.

Game seed: 14085630197287033195

51427 KennySheep the Covert (level 14, 0/121 HPs)
             Began as a Naga Alchemist on Mar 31, 2024.
             Was the Champion of Cheibriados.
             Slain by a centaur warrior (6 damage)
             ... on level 13 of the Dungeon.
             The game lasted 01:41:55 (20604 turns).

KennySheep the Covert (Naga Alchemist)             Turns: 20604, Time: 01:41:55

Health: 0/121      AC:  8    Str: 25    XL:     14   Next: 59%
Magic:  8/34       EV: 19    Int: 42    God:    Cheibriados [******]
Gold:   1719       SH:  0    Dex: 27    Spells: 13/33 levels left

rFire   . . .        a - +6 Majin-Bo {spellvamp, MP+6 Int+6}
rCold   . . .        (no shield)
rNeg    . . .        C - +0 steam dragon scales
rPois   +            G - +1 hat {Will+}
rElec   .            (no cloak)
rCorr   .            (no gloves)
SInv    +            (no barding)
Will    ++...        t - amulet of faith
Stlth   ++++++       p - +5 ring of evasion
HPRegen 0.40/turn    u - +5 ring of evasion
MPRegen 0.24/turn

%: faith
@: very slow
A: AC +4, large, see invisible, deformed body, poison resistance, slowness 2,
spit poison 1, naga tail 2
a: Spit Poison, Renounce Religion, Bend Time, Temporal Distortion, Slouch, Step
From Time


You were on level 13 of the Dungeon.
You worshipped Cheibriados.
Cheibriados was exalted by your worship.
You visited 3 branches of the dungeon, and saw 18 of its levels.

You collected 1719 gold pieces.

Inventory:

Hand Weapons
 a - the +6 Majin-Bo (weapon) {spellvamp, MP+6 Int+6}
   (You found it on level 12 of the Dungeon)

   Int+6:     It affects your intelligence (+6).
   MP+6:      It affects your magic capacity (+6).
 b - a +1 whip of pain
Armour
 i - a +0 helmet
 C - +0 steam dragon scales (worn)
 G - a +1 hat of willpower (worn)
 K - a +0 robe
Magical Staves
 j - a staff of earth
Jewellery
 p - a +5 ring of evasion (left hand)
 r - a ring of resist corrosion
 t - an amulet of faith (around neck)
 u - a +5 ring of evasion (right hand)
 w - a +4 ring of protection
 B - an amulet of guardian spirit
 E - a ring of fire
Wands
 c - a wand of mindburst (4)
 m - a wand of flame (51)
 n - a wand of charming (4)
 y - a wand of polymorph (27)
 A - a wand of acid (24)
 D - a wand of roots (13)
Scrolls
 d - 2 scrolls of enchant armour
 f - a scroll of silence
 o - a scroll of teleportation
 q - 4 scrolls of amnesia
 s - 4 scrolls of identify
 H - a scroll of poison
 M - a scroll of immolation
Potions
 e - 3 potions of might
 g - a potion of resistance
 h - a potion of enlightenment
 k - a potion of degeneration
 v - a potion of haste
 x - 2 potions of lignification
 z - 2 potions of brilliance
 F - a potion of cancellation {unknown}
 J - a potion of ambrosia {unknown}
 L - 2 potions of attraction {unknown}


   Skills:
 - Level 6.4 Fighting
 - Level 5.4(5.9) Maces & Flails
 - Level 3.4(5.0) Staves
 - Level 1.5 Dodging
 - Level 12.0 Stealth
 - Level 10.4 Spellcasting
 - Level 1.0 Conjurations
 - Level 6.5 Necromancy
 * Level 11.7 Fire Magic
 - Level 1.5 Earth Magic
 - Level 11.0 Alchemy
 + Level 9.8 Invocations
 - Level 3.0 Evocations


You had 13 spell levels left.
You knew the following spells:

 Your Spells              Type           Power      Damage    Failure   Level
a - Sting                 Conj/Alch      100%       1d9       1%          1
b - Olgreb's Toxic Radia  Alch           85%        N/A       1%          4
c - Sticky Flame          Fire/Alch      87%        2d13      1%          4
d - Vampiric Draining     Necr           67%        2d10      1%          3
e - Ignition              Fire           44%        3d13      63%         8

Your spell library contained the following spells:

 Spells                   Type           Power      Damage    Failure   Level
 Apportation              Tloc           42%        N/A       1%          1
 Freeze                   Ice            84%        1d9       1%          1
 Slow                     Hex            84%        N/A       1%          1
 Mercury Vapours          Alch/Air       100%       N/A       1%          2
 Static Discharge         Conj/Air       52%        3-6/arc   1%          2
 Inner Flame              Hex/Fire       63%        N/A       1%          3
 Mephitic Cloud           Conj/Alch/Air  53%        N/A       1%          3
 Alistair's Intoxication  Alch           56%        N/A       1%          5
 Jinxbite                 Hex            42%        N/A       2%          2
 Hailstorm                Conj/Ice       26%        3d7       3%          3
 Irradiate                Conj/Alch      32%        3d22      3%          5
 Confusing Touch          Hex            21%        N/A       4%          3
 Frozen Ramparts          Ice            42%        1d7       4%          3
 Tukima's Dance           Hex            21%        N/A       4%          3
 Yara's Violent Unravell  Hex/Alch       31%        3d13      4%          5
 Iskenderun's Mystic Bla Conj/Tloc 26%            2d7        (+2d3     12%         4
 Airstrike                Air            10%        2d(2-18)  14%         4
 Dimensional Bullseye     Hex/Tloc       10%        N/A       14%         4
 Passage of Golubria      Tloc           21%        N/A       14%         4
 Summon Lightning Spire   Summ/Air       21%        N/A       14%         4


Dungeon Overview and Level Annotations

Branches:
Dungeon (15/15)            Temple (1/1) D:4            Lair (0/5) D:8
    Orc (2/2) D:12            Elf (0/3) Orc:2
 Vaults: D:13-14     Depths: D:15

Altars:
Ashenzari
Cheibriados
Dithmenos
Elyvilon
Fedhas
Gozag
Hepliaklqana
Kikubaaqudgha
Makhleb
Nemelex Xobeh
Okawaru
Qazlal
Ru
Sif Muna
Uskayaw
Vehumet
Wu Jian
Xom
Yredelemnul
Zin
The Shining One
Beogh

Shops:
D:7 *:   D:8 (   Orc:1 (   Orc:2 :*(:

Annotations:
D:5 Pikel
D:6 1 runed translucent door, Crazy Yiuf
D:14 2 runed translucent doors
D:15 exclusion: obsidian statue


Innate Abilities, Weirdness & Mutations

Your serpentine skin is tough. (AC +4)
You have supernaturally acute eyesight. (SInv)
Armour fits poorly on your strangely shaped body.
Your system is resistant to poisons. (rPois)
You cover ground very slowly.
You can spit poison.
You can use your snake-like lower body to constrict enemies.


Message History

* * * LOW HITPOINT WARNING * * *
The centaur warrior completely misses you.
The centaur warrior barely misses you.
Casting: Vampiric Draining (safe; 1% risk of failure)
Confirm with . or Enter, or press ? or * to list all spells.
Aiming: Vampiric Draining (safe; 1% risk of failure)
Press: ? - help, Shift-Dir - straight line, f/p - centaur warrior
Aim: a centaur warrior (purple smoke, moderately wounded)
You draw life force from the centaur warrior.
You feel life coursing into your body.
* * * LOW HITPOINT WARNING * * *
The centaur warrior hits you but does no damage.
The centaur warrior kicks you but does no damage.
The centaur warrior hits you!
* * * LOW HITPOINT WARNING * * *
The centaur warrior kicks you but does no damage.
Casting: Vampiric Draining (safe; 1% risk of failure)
Confirm with . or Enter, or press ? or * to list all spells.
Aiming: Vampiric Draining (safe; 1% risk of failure)
Press: ? - help, Shift-Dir - straight line, f/p - centaur warrior
Aim: a centaur warrior (purple smoke, moderately wounded)
You draw life force from the centaur warrior!!
You feel life coursing into your body!
* * * LOW HITPOINT WARNING * * *
The centaur warrior completely misses you.
The centaur warrior kicks you but does no damage.
Casting: Vampiric Draining (safe; 1% risk of failure)
Confirm with . or Enter, or press ? or * to list all spells.
Aiming: Vampiric Draining (safe; 1% risk of failure)
Press: ? - help, Shift-Dir - straight line, f/p - centaur warrior
Aim: a centaur warrior (purple smoke, severely wounded)
You draw life force from the centaur warrior.
You feel life coursing into your body.
* * * LOW HITPOINT WARNING * * *
The centaur warrior hits you.
* * * LOW HITPOINT WARNING * * *
The centaur warrior completely misses you.
The centaur warrior hits you.
You die...
Cheibriados appreciates the motionlessness of death.

#.# #.# #.# #.## #.#
#..# ## #.# #..#######
######.##.#####...>.....
......#§§.......########
#§§§....#### #§§####.#
#§@# #.# #§c# #.# #§§#
#.. #!.# ### #††# #...#
#..... #..c... .........


You could see a centaur warrior.

Vanquished Creatures
  Gastronok (D:10)
  3 centaur warriors
  A boulder beetle (D:15)
  4 two-headed ogres
  4 orc high priests
  Amaemon (D:9)
  A skeletal warrior (D:13)
  Lodul (D:10)
  An orc knight (Orc:1)
  An obsidian bat (Orc:2)
  A manticore (D:11)
  5 orc sorcerers (Orc:2)
  Maurice (D:8)
  2 cyclopes
  5 kobold blastminers
  A rust devil (D:10)
  A gargoyle (D:11)
  An orange demon (D:9)
  An efreet (D:15)
  2 komodo dragons
  A kobold demonologist (D:9)
  A troll (D:11)
  A red devil (D:10)
  Grinder (D:6)
  10 slime creatures
  4 wraiths
  22 yaks
  A vampire (D:11)
  2 shadows (D:11)
  5 wyverns
  Eustachio (D:6)
  A basilisk (D:9)
  A ynoxinul (D:10)
  A steam dragon (D:7)
  5 vampire mosquitoes
  9 wargs (Orc:1)
  Menkaure (D:5)
  4 acid dragons
  Edmund (D:4)
  24 orc warriors
  A sky beast (D:7)
  An ice beast (D:7)
  2 black bears (D:8)
  16 ogres
  A wolf (Orc:1)
  9 centaurs
  A lemure (D:5)
  4 kobold brigands
  Blork the orc (D:6)
  4 bullfrogs
  7 scorpions
  5 gnoll sergeants
  4 wights (D:7)
  9 killer bees (D:9)
  2 howler monkeys
  2 bombardier beetles
  2 crimson imps
  4 hounds
  29 orc priests
  6 iguanas
  3 iron imps (D:10)
  2 sleepcaps
  2 gnoll boudas
  48 orc wizards
  3 hell rats (D:8)
  6 adders
  24 gnolls
  5 dart slugs
  78 orcs
  5 ball pythons
  6 endoplasms
  5 giant cockroaches
  11 goblins
  7 hobgoblins
  8 jackals
  15 kobolds
  5 quokkas
  5 bats
  2 frilled lizards
  5 rats
489 creatures vanquished.

Vanquished Creatures (others)
  A butterfly (D:9)
1 creature vanquished.

Grand Total: 490 creatures vanquished

Notes
Turn   | Place    | Note
-------+----------+-------------------------------------------
     0 | D:1      | KennySheep the Naga Alchemist began the quest for the Orb.
     0 | D:1      | Reached XP level 1. HP: 15/15 MP: 3/3
    82 | D:1      | Reached XP level 2. HP: 16/22 MP: 0/5
   327 | D:1      | Reached skill level 1 in Fire Magic
   592 | D:1      | Reached XP level 3. HP: 28/28 MP: 0/6
  1535 | D:2      | Reached XP level 4. HP: 34/37 MP: 8/8
  1883 | D:2      | Learned a level 4 spell: Olgreb's Toxic Radiance
  2202 | D:3      | Noticed a scorpion
  2206 | D:3      | Killed a scorpion
  2207 | D:3      | Reached skill level 1 in Fighting
  2207 | D:3      | Reached skill level 1 in Staves
  2207 | D:3      | Reached XP level 5. HP: 44/44 MP: 0/9
  2220 | D:3      | Reached skill level 1 in Earth Magic
  2220 | D:3      | Reached skill level 1 in Evocations
  2342 | D:3      | Found a basalt altar of Yredelemnul.
  2342 | D:3      | Noticed a weeping skull
  2409 | D:3      | Noticed an ogre
  2421 | D:3      | Killed an ogre
  2422 | D:3      | Reached XP level 6. HP: 48/51 MP: 6/10
  2541 | D:3      | Found a glowing silver altar of Zin.
  2602 | D:4      | Reached skill level 5 in Alchemy
  2750 | D:4      | Reached XP level 7. HP: 56/57 MP: 1/11
  2755 | D:4      | Learned a level 4 spell: Sticky Flame
  2762 | D:4      | Noticed Edmund
  2775 | D:4      | Killed Edmund
  3482 | D:4      | Found a staircase to the Ecumenical Temple.
  3518 | Temple   | Entered the Ecumenical Temple
  3528 | Temple   | Became a worshipper of Cheibriados the Contemplative
  3560 | D:5      | Entered Level 5 of the Dungeon
  3568 | D:5      | Reached skill level 1 in Invocations
  3568 | D:5      | Reached XP level 8. HP: 64/64 MP: 0/12
  3930 | D:5      | Noticed Menkaure
  3935 | D:5      | Killed Menkaure
  4005 | D:5      | Reached skill level 5 in Fire Magic
  4044 | D:5      | Noticed Pikel
  4240 | D:5      | Reached * piety under Cheibriados
  4498 | D:6      | Noticed Grinder
  4504 | D:6      | Paralysed by Grinder for 3 turns
  4519 | D:6      | Paralysed by Grinder for 2 turns
  4522 | D:6      | Killed Grinder
  4523 | D:6      | Reached XP level 9. HP: 56/73 MP: 7/14
  4603 | D:6      | Noticed Blork the orc
  4607 | D:6      | Killed Blork the orc
  4693 | D:6      | Found a hazy altar of Hepliaklqana.
  4760 | D:6      | Found a runed translucent door.
  4761 | D:6      | Noticed Crazy Yiuf
  4807 | D:6      | Reached ** piety under Cheibriados
  4880 | D:6      | Noticed Eustachio
  4890 | D:6      | Killed Eustachio
  5494 | D:6      | Found a shimmering altar of Xom.
  5494 | D:6      | Found a burning altar of Makhleb.
  5884 | D:7      | Reached skill level 4 in Stealth
  5884 | D:7      | Reached skill level 5 in Invocations
  6271 | D:7      | Reached skill level 5 in Stealth
  6499 | D:7      | Found Qobugeuli's Tremendous Tomes.
  6626 | D:7      | Reached *** piety under Cheibriados
  6674 | D:7      | Reached skill level 10 in Alchemy
  6707 | D:7      | Found Cipuf's Lightly-Used Armoury.
  6998 | D:8      | Found Fotux's Antique Weapon Emporium.
  7006 | D:8      | Reached skill level 1 in Maces & Flails
  7006 | D:8      | Reached skill level 1 in Necromancy
  7006 | D:8      | Reached XP level 10. HP: 41/84 MP: 4/16
  7008 | D:8      | Reached skill level 6 in Stealth
  7198 | D:8      | Noticed Maurice
  7206 | D:8      | Killed Maurice
  7324 | D:8      | Identified the serpent talisman of Kasoerhe {rCorr}
  7417 | D:8      | Found a staircase to the Lair.
  7431 | D:8      | Reached **** piety under Cheibriados
  7498 | D:8      | HP: 3/86 [komodo dragon (7)]
  7507 | D:8      | Reached skill level 7 in Stealth
  7703 | D:8      | Found a sparkling altar of Nemelex Xobeh.
  7780 | D:8      | Noticed a two-headed ogre
  7786 | D:8      | Killed a two-headed ogre
  7787 | D:8      | Reached skill level 5 in Spellcasting
  8839 | D:9      | Reached XP level 11. HP: 10/93 MP: 10/18
  8936 | D:9      | Reached skill level 5 in Fighting
  9066 | D:9      | Noticed a cyclops
  9072 | D:9      | Killed a cyclops
  9073 | D:9      | Reached skill level 8 in Stealth
  9196 | D:9      | Learned a level 3 spell: Vampiric Draining
  9935 | D:9      | Found a white marble altar of Elyvilon.
  9966 | D:9      | Noticed Amaemon
  9983 | D:9      | Killed Amaemon
 10472 | D:10     | Entered Level 10 of the Dungeon
 10487 | D:10     | Noticed Gastronok
 10500 | D:10     | Killed Gastronok
 10501 | D:10     | Reached skill level 9 in Stealth
 10501 | D:10     | Reached skill level 5 in Necromancy
 10767 | D:10     | Reached ***** piety under Cheibriados
 11031 | D:10     | Reached skill level 5 in Maces & Flails
 11100 | D:10     | Reached XP level 12. HP: 40/105 MP: 6/21
 11802 | D:10     | HP: 4/157 [red devil/+0 trident (7)]
 12419 | D:10     | Noticed Lodul
 12432 | D:10     | Killed Lodul
 12433 | D:10     | Reached skill level 10 in Stealth
 12863 | D:10     | Learned a level 8 spell: Ignition
 13000 | D:11     | Noticed a two-headed ogre
 13006 | D:11     | Killed a two-headed ogre
 13782 | D:11     | Noticed a two-headed ogre
 13788 | D:11     | Killed a two-headed ogre
 14811 | D:11     | You fall into a shaft and drop 3 floors!
 14830 | D:15     | Entered Level 15 of the Dungeon
 14851 | D:14     | Found a large runed translucent door.
 14851 | D:14     | Found a large runed translucent door.
 14851 | D:14     | Noticed a tengu warrior
 14858 | D:14     | Noticed a boulder beetle
 15198 | D:15     | Reached skill level 10 in Spellcasting
 15198 | D:15     | Gained mutation: You can use your snake-like lower body to
                  | constrict enemies. [Naga growth]
 15198 | D:15     | Reached XP level 13. HP: 112/112 MP: 23/27
 16087 | D:12     | Found a staircase to the Orcish Mines.
 16329 | D:12     | Found a transporter.
 16331 | D:12     | Found the +6 Majin-Bo {spellvamp, MP+6 Int+6}
 16334 | D:12     | Found a roughly hewn altar of Beogh.
 16334 | D:12     | Found a transporter.
 17002 | D:12     | Reached XP level 14. HP: 75/121 MP: 7/28
 17005 | D:12     | Reached skill level 10 in Fire Magic
 17728 | D:13     | Identified the +1 rapier of the Extremes {freeze, rN++
                  | Stlth+}
 17763 | Orc:1    | Entered Level 1 of the Orcish Mines
 17763 | Orc:1    | Found Toudd's Weapon Shop.
 17763 | Orc:1    | Found a roughly hewn altar of Beogh.
 18167 | Orc:1    | Reached skill level 11 in Stealth
 18484 | Orc:2    | Entered Level 2 of the Orcish Mines
 18667 | Orc:2    | Reached ****** piety under Cheibriados
 19366 | Orc:2    | Found Eptun's Antique Weapon Emporium.
 19366 | Orc:2    | Found Ecaufiz's Book Shoppe.
 19367 | Orc:2    | Found Wucoot's Assorted Antiques.
 19371 | Orc:2    | Found Olaolipa's Book Emporium.
 19703 | Orc:2    | Found a roughly hewn altar of Beogh.
 19712 | Orc:2    | Found a staircase to the Elven Halls.
 19928 | Orc:2    | Reached skill level 12 in Stealth
 20596 | D:13     | HP: 3/121 [centaur warrior (9)]
 20604 | D:13     | HP: 6/121 [centaur warrior (6)]
 20604 | D:13     | Slain by a centaur warrior

Illustrated notes

Levels and vault maps discovered:
D:1:      minmay_arrival_nine_rooms, layout_loops_ring
D:2:      minmay_evil_eye, layout_rooms, minmay_distorted
D:3:      layout_basic, yredelemnul_forgotten_temple_becter, zin_treasury,
          trog_book
D:4:      layout_cave_pools, temple_doors_cd, mrwooster_statue_mirror,
          chequers_serial_rivers_micro_b, lightli_minifort, uniq_edmund
D:5:      layout_basic, minmay_misc_feat_tower, grunt_decor_cap,
          nrook_mini_backslash, chequers_serial_rivers_small_a,
          nicolae_kite_square_tiling_tiny, uniq_menkaure, uniq_pikel
D:6:      layout_loops_ring, grunt_temple_overflow_champion_of_chaos,
          lemuel_doored_altar, grunt_ministairs_13, minmay_misc_feat_enclosed,
          uniq_grinder, uniq_blork_the_orc, uniq_crazy_yiuf_cottage,
          uniq_eustachio
D:7:      layout_loops_corners, nicolae_shop_i_like_big_books,
          kennysheep_pointless_box, minmay_shop_damaged
D:8:      layout_basic, mainiacjoe_overflow_tiny_flanked, dpeg_lair_monsters,
          serial_shops, shop, uniq_maurice
D:9:      minmay_ornate_pinched, layout_loops_ring,
          nicolae_elyvilon_peaceful_grove, uniq_amaemon
D:10:     layout_stronghold, grunt_decor_arrowhead,
          nicolae_demonic_statue_gallery, uniq_lodul, uniq_gastronok
D:11:     layout_roguey
D:12:     gammafunk_beogh_shrine, layout_loops_ring, orc_david_3,
          dk_noncrumbling_2, nrook_loot_triangle
D:13:     layout_loops_ring, ximxim_vaults_locker_room, uniq_rupert
D:14:     layout_big_octagon, okawaru_metal_pillars_1_2,
          ebering_ghost_disaster_area, serial_bayou_pond_a, tgw_xom
D:15:     vault_1, layout_long_grid, minivault_4
Temple:   nicolae_temple_great_sept
Orc:1:    layout_caves, basic_altar, serial_shops, shop, mines5_lemuel
Orc:2:    st_orc_mages, layout_caves, basic_altar

Skill      XL: |  1  2  3  4  5  6  7  8  9 10 11 12 13 14 |
---------------+-------------------------------------------+-----
Fire Magic     | 1 2 4 6 8 9 11 | 11.7
Alchemy        | 4 6 7 9 10 11 | 11.0
Fighting       | 1 2 3 4 6 |  6.4
Staves         | 1 3 |  3.4
Spellcasting   | 3 4 5 6 10 | 10.4
Earth Magic    | 1 |  1.5
Evocations     | 1 3 |  3.0
Invocations    | 1 3 5 6 7 8 9 |  9.8
Stealth        | 5 7 9 10 12 | 12.0
Maces & Flails | 1 3 5 |  5.4
Necromancy     | 1 3 6 |  6.5
Dodging        | |  1.5
Conjurations   | |  1.0

Action                     |  1- 3 |  4- 6 |  7- 9 | 10-12 | 13-15 || total
---------------------------+-------+-------+-------+-------+-------++-------
  Melee: Unarmed           |    27 |       |       |       |       ||    27
         Staff             |    35 |   129 |   176 |       |       ||   340
         Whip              |       |       |     9 |   387 |    75 ||   471
         Constrict         |       |       |       |       |    35 ||    35
         Bo                |       |       |       |       |    60 ||    60
   Cast: Sting             |    58 |       |       |       |       ||    58
         Olgreb's Toxic Ra |       |     8 |    31 |    53 |    73 ||   165
         Sticky Flame      |       |       |    25 |    40 |    40 ||   105
         Vampiric Draining |       |       |       |     3 |     7 ||    10
 Invoke: Slouch            |       |       |       |     3 |     4 ||     7
Ability: Spit Poison       |       |       |     1 |       |       ||     1
  Evoke: Wand              |       |       |     5 |       |       ||     5
    Use: Scroll            |       |     5 |     3 |     6 |     4 ||    18
         Potion            |       |     4 |     2 |    18 |     4 ||    28
   Stab: Sleeping          |     1 |     3 |       |     6 |     3 ||    13
         Distracted        |       |       |       |     1 |     1 ||     2
 Armour: Robe              |    58 |    82 |    76 |       |       ||   216
         Steam dragon scal |       |       |    21 |   256 |   182 ||   459
         Skin              |       |       |       |     5 |       ||     5
  Dodge: Dodged            |    41 |   104 |   184 |   447 |   249 ||  1025

Table legend: (Time is in decaauts)
 A = Elapsed time spent in this place.
 B = Non-inter-level travel time spent in this place.
 C = Inter-level travel time spent in this place.
 D = Time resting spent in this place.
 E = Time spent auto-exploring this place.
 F = Levels seen in this place.
 G = Mean time per level.
                   A        B        C        D        E       F      G
               +--------+--------+--------+--------+--------+-----+--------+
         Total |  31272 |  29545 |   1727 |   5495 |  19373 |  18 | 1737.3 |
       Dungeon |  26982 |  25508 |   1474 |   4804 |  16786 |  15 | 1798.8 |
        Temple |     31 |     15 |     16 |      0 |      0 |   1 |   31.0 |
  Orcish Mines |   4258 |   4021 |    237 |    691 |   2586 |   2 | 2129.0 |
               +--------+--------+--------+--------+--------+-----+--------+

Top non-repeatable levels by time:
    D:10: 3968 daAuts
    D:12: 3463 daAuts
   Orc:2: 2968 daAuts
     D:9: 2877 daAuts
    D:11: 2751 daAuts
     D:8: 2578 daAuts
     D:6: 2355 daAuts
     D:7: 2019 daAuts
     D:1: 1433 daAuts
   Orc:1: 1290 daAuts
     D:2: 1091 daAuts
     D:4: 1081 daAuts
     D:5: 1019 daAuts
    D:15: 953 daAuts
     D:3: 688 daAuts
